 Dungeon Crawl Stone Soup version 0.29-a0-341-g24ffce5b50 (webtiles) character file.

Game seed: 15414074752765699259

176 HendSelp the Insei (level 5, -3/41 HPs)
             Began as a Human Monk on Apr 20, 2022.
             Slain by a gnoll
             ... wielding a +0 whip
              (6 damage)
             ... on level 4 of the Dungeon.
             The game lasted 00:05:38 (3256 turns).

HendSelp the Insei (Human Monk)                     Turns: 3256, Time: 00:05:38

Health: -3/41      AC:  3    Str: 13    XL:     5   Next: 86%
Magic:  5/5        EV: 14    Int: 11    God:
Gold:   137        SH:  0    Dex: 21    Spells: 4/4 levels left

rFire   . . .      SeeInvis .     - Unarmed
rCold   . . .      Faith    .   (no shield)
rNeg    . . .      Spirit   .   a - +0 robe
rPois   .          Reflect  .   (no helmet)
rElec   .          Harm     .   (no cloak)
rCorr   .          Rampage  .   (no gloves)
Will    .....                   m - +0 pair of boots
Stlth   ++........              (no amulet)
HPRegen 0.13/turn               i - +6 ring of dexterity
MPRegen 0.09/turn               (no ring)

@: no status effects
A: no striking features
a: no special abilities


You were on level 4 of the Dungeon.
You visited 1 branch of the dungeon, and saw 4 of its levels.

You collected 137 gold pieces.

Inventory:

Armour
 a - a +0 robe (worn)
 m - a +0 pair of boots (worn)
Jewellery
 i - a +6 ring of dexterity (left hand)
Scrolls
 k - a scroll of enchant weapon
Potions
 b - a potion of haste {unknown}
 e - a potion of invisibility
 f - a potion of attraction


   Skills:
 * Level 3.5 Fighting
 * Level 1.4 Armour
 * Level 3.9 Dodging
 - Level 2.0 Stealth
 * Level 4.8 Unarmed Combat


You had 4 spell levels left.
You didn't know any spells.
Your spell library contained the following spells:

 Spells                   Type           Power      Damage    Failure   Level
 Fulminant Prism          Conj/Hex       0%         3d6       98%         4
 Iskenderun's Mystic Bla  Conj/Tloc      0%         2d3       98%         4
 Lee's Rapid Deconstruct  Erth           0%         3d5*      100%        5


Dungeon Overview and Level Annotations

Branches:
Dungeon (4/15)
 Temple: D:4-7

Altars:

Shops:
D:2 =   D:3 [


Message History

Unknown command.
The gnoll attacks as you move away! The gnoll hits you with a +0 whip!
* * * LOW HITPOINT WARNING * * *
As you read the scroll labelled KINAOPT OWUA, it crumbles to dust.
The scroll dissolves into smoke.
It was a scroll of fog.
The gnoll completely misses you. The gnoll closely misses you.
Unknown command.
The gnoll attacks as you move away! The gnoll hits you with a +0 whip.
* * * LOW HITPOINT WARNING * * *
It was a potion of curing.
You feel better.
The gnoll hits you from afar with a +0 spear!
* * * LOW HITPOINT WARNING * * *
Unknown command.
The gnoll hits you with a +0 whip.
* * * LOW HITPOINT WARNING * * *
The gnoll attacks as you move away! The gnoll barely misses you.
The gnoll attacks as you move away! The gnoll barely misses you.
The gnoll attacks as you move away! The gnoll hits you with a +0 whip.
* * * LOW HITPOINT WARNING * * *
You feel better. The gnoll closely misses you.
Unknown command.
The gnoll barely misses you.
There is a stone staircase leading down here.
The gnoll hits you from afar with a +0 spear!
* * * LOW HITPOINT WARNING * * *
The gnoll misses you.
You climb downwards.
There is a stone staircase leading up here.
Unknown command.
You feel better. The gnoll misses you.
You barely miss the gnoll. The gnoll completely misses you.
Unknown command.
You hit the gnoll.
The gnoll is lightly wounded.
The gnoll hits you with a +0 whip!
* * * LOW HITPOINT WARNING * * *
You hit the gnoll but do no damage.
The gnoll is lightly wounded.
The gnoll hits you with a +0 whip.
You die... .# .# .. .# .# .# #######.# #....g@.# #.#######

You could see a gnoll.

Vanquished Creatures
  A necrophage (D:3)
  4 adders
  2 worms
  A dart slug (D:1)
  3 ball pythons
  4 bats
  12 endoplasms
  2 giant cockroaches
  4 goblins
  10 hobgoblins
  2 jackals (D:3)
  6 quokkas
  2 frilled lizards
  5 kobolds
  4 rats
62 creatures vanquished.

Notes
Turn   | Place    | Note
-------+----------+-------------------------------------------
     0 | D:1      | HendSelp the Human Monk began the quest for the Orb.
     0 | D:1      | Reached XP level 1. HP: 18/18 MP: 1/1
    87 | D:1      | Reached XP level 2. HP: 20/24 MP: 2/2
   636 | D:1      | Reached XP level 3. HP: 28/29 MP: 3/3
  1318 | D:2      | Reached XP level 4. HP: 20/35 MP: 4/4
  1593 | D:2      | Found Zyebiodu's Jewellery Shoppe.
  1677 | D:2      | Reached skill level 1 in Armour
  1677 | D:2      | Reached skill level 4 in Unarmed Combat
  2310 | D:3      | Reached XP level 5. HP: 19/41 MP: 5/5
  2665 | D:3      | Found a faded altar of an unknown god.
  3228 | D:3      | Found Sakian's Armour Shop.
  3255 | D:4      | HP: 2/41 [gnoll/+0 whip (8)]
  3256 | D:4      | Slain by a gnoll

Illustrated notes

Levels and vault maps discovered:
D:1:      nzn_arrival_depleted_hourglass, layout_rooms, minmay_tromino_v4_a
D:2:      minmay_door_path, layout_rooms, serial_shops, shop_statue
D:3:      layout_loops_corners, serial_shops, shop,
          ebering_ecumenical_altar_mist
D:4:      layout_loops_ring, lemuel_coloured_pillars_altar,
          ebering_ghost_sewer_f

Skill      XL: |  1  2  3  4 |
---------------+-------------+-----
Armour         | 1 |  1.4
Unarmed Combat | 4 |  4.8
Fighting       | |  3.5
Dodging        | |  3.9
Stealth        | |  2.0

Action                   |  1- 3 |  4- 6 || total
-------------------------+-------+-------++-------
Melee: Unarmed           |   125 |   133 ||   258
       Punch             |     1 |     2 ||     3
  Use: Potion            |     3 |     3 ||     6
       Scroll            |     1 |     7 ||     8
 Stab: Sleeping          |     3 |     5 ||     8
Armor: Robe              |    29 |    17 ||    46
       Skin              |     4 |       ||     4
Dodge: Dodged            |    96 |    84 ||   180

Table legend: (Time is in decaauts)
 A = Elapsed time spent in this place.
 B = Non-inter-level travel time spent in this place.
 C = Inter-level travel time spent in this place.
 D = Time resting spent in this place.
 E = Time spent auto-exploring this place.
 F = Levels seen in this place.
 G = Mean time per level.
                   A        B        C        D        E       F      G
               +--------+--------+--------+--------+--------+-----+--------+
         Total |   3235 |   3187 |     48 |     44 |   2594 |   4 |  808.8 |
       Dungeon |   3235 |   3187 |     48 |     44 |   2594 |   4 |  808.8 |
               +--------+--------+--------+--------+--------+-----+--------+

Top non-repeatable levels by time:
     D:1: 1204 daAuts
     D:2: 1063 daAuts
     D:3: 963 daAuts
     D:4: 3 daAuts
